 Dungeon Crawl Stone Soup version 0.23-a0-419-g0174fd8 (webtiles) character file.

10804 lemonriz the Cleaver (level 11, -1/99 HPs)
             Began as a Hill Orc Fighter on Nov 13, 2018.
             Was an Elder of Beogh.
             Slain by a komodo dragon (20 damage)
             ... on level 2 of the Lair of Beasts.
             The game lasted 00:27:08 (11068 turns).

lemonriz the Cleaver (Hill Orc Fighter)            Turns: 11068, Time: 00:27:09

Health: -1/99      AC: 16    Str: 23    XL:     11   Next: 67%
Magic:  16/16      EV:  5    Int:  8    God:    Beogh [****..]
Gold:   638        SH: 11    Dex: 10    Spells: 10/10 levels left

rFire    . . .     SeeInvis .   a - +2 war axe (chop)
rCold    . . .     Gourm    .   c - +0 shield
rNeg     . . .     Faith    .   p - +0 plate armour
rPois    +         Spirit   .   M - +0 helmet
rElec    .         Reflect  .   H - +0 cloak
rCorr    .         Harm     .   (no gloves)
MR       .....                  (no boots)
Stlth    ..........             (no amulet)
HPRegen  0.26/turn              (no ring)
MPRegen  0.15/turn              r - ring of poison resistance

@: slowed, very slow
A: no striking features
a: Smiting, Recall Orcish Followers, Renounce Religion


You were on level 2 of the Lair of Beasts.
You worshipped Beogh.
Beogh was greatly pleased with you.
You were hungry.

You visited 2 branches of the dungeon, and saw 12 of its levels.
You also visited: Ossuary.

You collected 638 gold pieces.

Inventory:

Hand Weapons
 a - a +2 war axe of chopping (weapon)
 b - a +0 hand crossbow
 J - a +0 broad axe
Missiles
 B - 170 bolts
Armour
 c - a +0 shield (worn)
 p - a +0 plate armour (worn)
 H - a +0 cloak (worn)
 M - a +0 helmet (worn)
Jewellery
 d - an uncursed ring of wizardry
 k - an uncursed ring of protection from fire
 r - a ring of poison resistance (right hand)
 A - a +3 ring of dexterity
 F - an uncursed ring of wizardry
 I - an uncursed ring of ice {unknown}
 L - an uncursed amulet of guardian spirit {unknown}
 N - a cursed -2 ring of protection {unknown}
Wands
 v - a wand of polymorph (29)
 w - a wand of random effects (38)
 K - a wand of iceblast (2)
Scrolls
 h - a scroll of enchant weapon
 j - 5 scrolls of remove curse
 s - a scroll of fear
 y - a scroll of holy word {unknown}
 C - a scroll of amnesia {unknown}
 D - 2 scrolls of teleportation
 E - a scroll of blinking {unknown}
 G - 2 scrolls of magic mapping
 P - a scroll of fog
 Q - a scroll of identify
Potions
 e - 2 potions of haste
 g - a potion of lignification {unknown}
 i - 2 potions of magic
 l - 2 potions of flight {unknown}
 m - 2 potions of agility {unknown}
 n - 3 potions of resistance {unknown}
 o - 8 potions of curing
 q - 2 potions of cancellation {unknown}
 t - 3 potions of heal wounds
 u - a potion of mutation {unknown}
 x - 4 potions of brilliance
 z - 2 potions of invisibility
 O - a potion of might
Comestibles
 f - 27 rations


   Skills:
 + Level 10.0 Fighting
 * Level 14.0 Axes
 + Level 3.3 Crossbows
 - Level 8.0 Armour
 + Level 9.1 Shields
 + Level 7.0 Invocations


You had 10 spell levels left.
You didn't know any spells.
Your spell library contained the following spells:

 Spells                   Type           Power        Failure   Level  Hunger
 Animate Skeleton         Necr           N/A          100%        1    ##.....
 Apportation              Tloc           #.....       100%        1    ##.....
 Beastly Appendage        Tmut           #.....       100%        1    ##.....
 Confusing Touch          Hex            #.....       100%        1    ##.....
 Pain                     Necr           #...         100%        1    ##.....
 Summon Small Mammal      Summ           #...         100%        1    ##.....
 Sticks to Snakes         Tmut           #.......     100%        2    ###....
 Regeneration             Chrm/Necr      #.........   100%        3    ####...
 Spider Form              Tmut/Pois      #.........   100%        3    ####...
 Vampiric Draining        Necr           #.........   100%        3    ####...
 Animate Dead             Necr           N/A          100%        4    #####..
 Ice Form                 Ice/Tmut       #.......     100%        4    #####..
 Blade Hands              Tmut           #.........   100%        5    ######.


Dungeon Overview and Level Annotations

Branches:
Dungeon (10/15)            Temple (0/1) D:5            Lair (2/6) D:9
    Orc (0/2) D:9
  Swamp: Lair:2-4    Shoals: Lair:2-4     Snake: Lair:2-4    Spider: Lair:2-4

Altars:
Gozag
Kikubaaqudgha
Makhleb
Nemelex Xobeh
Okawaru
Qazlal
Ru
Sif Muna
Vehumet
Wu Jian
Yredelemnul
Zin

Shops:
D:4 *   D:6 [

Annotations:
D:10 3 runed doors, kirsanium's ghost, journeyman OpTm


Message History

The death yak dies!
Beogh accepts your kill.
Your Fighting skill increases to level 10!
Your Axes skill increases to level 14!
Your Invocations skill increases to level 7!
The komodo dragon hisses menacingly.
The komodo dragon bites you!
* * * LOW HITPOINT WARNING * * *
Okay, then.
You feel much better. The torpor snail barely misses you.
You block the komodo dragon's attack.
Orkwin hits the komodo dragon with a +0 spear.
You hit the torpor snail but do no damage.
The torpor snail is heavily wounded.
You hit the komodo dragon. The komodo dragon bites you.
* * * LOW HITPOINT WARNING * * *
You block the torpor snail's attack.
Orkwin closely misses the komodo dragon.
The komodo dragon bites you!!
You die...

...............#.##..
.P.#...........## #..
......#....##..# #.
##....#.....#..##
#....#.........# #
...)...P..## .#
.#.........###..#
.#.#.P...#o.P.#
........l@...#
.#.#.#.#.w...#
........#.....#
........#....P#
.......#....## .....
.....# ..... #....#
.... .....#


You could see a torpor snail, a komodo dragon and the friendly Orkwin the orc
knight.

Vanquished Creatures
  A spiny frog (Lair:1)
  3 komodo dragons (Lair:1)
  A hippogriff (D:8)
  A wyvern (D:5)
  A human (D:8)
  4 hogs (D:8)
  A basilisk (Lair:1)
  Grum (D:8)
  2 water moccasins
  2 porcupines (Lair:1)
  3 orc warriors
  An ice beast (D:5)
  A phantom (D:6)
  6 wolves
  4 ogres
  A necrophage (D:8)
  4 crocodiles
  3 centaurs
  A big kobold (D:7)
  5 bullfrogs
  A wyvern skeleton (D:10)
  3 water moccasin zombies (Ossuary)
  A scorpion (D:9)
  16 killer bees
  3 wights (D:9)
  3 crimson imps
  A bullfrog zombie (D:7)
  A centaur zombie (D:10)
  A quasit (D:9)
  Crazy Yiuf (D:6)
  2 jellies
  An orc priest (D:5)
  2 centaur skeletons (D:7)
  A bullfrog skeleton (D:7)
  5 hounds
  6 orc wizards
  4 iguanas
  5 worker ants
  Natasha (thrice) (D:4)
  A big kobold zombie (Ossuary)
  A hound zombie (D:6)
  A hound skeleton (D:7)
  2 mummies (Ossuary)
  A worker ant zombie (D:9)
  11 gnolls
  6 adders
  A shadow imp (D:10)
  An ooze (D:1)
  6 adder zombies (Ossuary)
  3 worms (D:2)
  2 dart slugs
  3 leopard geckos
  21 orcs
  10 bats
  8 giant cockroaches
  15 goblins
  6 hobgoblins
  13 jackals
  3 quokkas
  3 ball pythons
  9 frilled lizards
  4 gnoll zombies
  7 hobgoblin zombies (Ossuary)
  10 kobolds
  4 kobold zombies (Ossuary)
  2 leopard gecko skeletons
  A leopard gecko zombie (D:5)
  3 orc zombies (Ossuary)
  A quokka skeleton (D:9)
  7 rats
  A plant (Lair:1)
273 creatures vanquished.

Vanquished Creatures (collateral kills)
  A hydra (Lair:1)
  A death yak (Lair:2)
  Joseph (D:10)
  An elephant (D:9)
  A spiny frog (Lair:1)
  A rime drake (Lair:1)
  3 komodo dragons (Lair:1)
  A troll (D:10)
  A blink frog (Lair:1)
  A yak (D:9)
  2 basilisks (Lair:1)
  A water moccasin (Lair:1)
  A sky beast (D:9)
  2 wolves (Lair:1)
  A centaur (D:10)
  A crocodile (Lair:1)
  A bullfrog (Lair:1)
  3 electric eels (Lair:1)
  A crimson imp (D:10)
  6 iguanas
  An orc wizard (D:9)
  A worker ant (D:10)
  An orc (D:9)
  A gnoll zombie (D:9)
35 creatures vanquished.

Vanquished Creatures (others)
  2 orc warriors (D:9)
  A phantom (D:5)
  An orc wizard (D:9)
  5 orcs
  2 fungi (Lair:1)
  A plant (Lair:1)
12 creatures vanquished.

Grand Total: 320 creatures vanquished

Notes
Turn   | Place    | Note
-------+----------+-------------------------------------------
     0 | D:1      | lemonriz the Hill Orc Fighter began the quest for the Orb.
     0 | D:1      | Reached XP level 1. HP: 19/19 MP: 1/1
    16 | D:1      | Reached skill level 3 in Axes
    42 | D:1      | Reached XP level 2. HP: 25/27 MP: 2/2
   148 | D:1      | Reached XP level 3. HP: 33/33 MP: 3/3
   542 | D:2      | Reached skill level 4 in Axes
   645 | D:2      | Reached XP level 4. HP: 28/40 MP: 4/4
   665 | D:2      | Found an opulent altar of Gozag.
  1162 | D:3      | Reached XP level 5. HP: 29/47 MP: 5/5
  1192 | D:3      | Became a worshipper of Beogh the Brigand
  1239 | D:3      | Reached skill level 5 in Axes
  1795 | D:3      | Reached XP level 6. HP: 28/53 MP: 6/6
  1844 | D:3      | Found an iron altar of Okawaru.
  2117 | D:4      | Noticed Natasha
  2129 | D:4      | Killed Natasha
  2284 | D:4      | Noticed Natasha
  2291 | D:4      | Killed Natasha
  2363 | D:4      | Noticed Natasha
  2371 | D:4      | Killed Natasha
  2396 | D:4      | Reached skill level 5 in Fighting
  2396 | D:4      | Reached skill level 6 in Axes
  2406 | D:4      | Reached * piety under Beogh
  2697 | D:4      | Reached XP level 7. HP: 56/61 MP: 7/7
  2707 | D:4      | Found an ornate altar of the Wu Jian Council.
  2755 | D:4      | Found Arphuunly's Assorted Antiques.
  2868 | D:5      | Entered Level 5 of the Dungeon
  2928 | D:5      | Reached skill level 5 in Shields
  2984 | D:5      | Reached skill level 5 in Armour
  2989 | D:5      | Reached skill level 7 in Axes
  3024 | D:5      | Found a stormy altar of Qazlal.
  3028 | D:5      | Found a sand-covered staircase.
  3117 | Ossuary  | Entered an ossuary
  3289 | Ossuary  | Reached XP level 8. HP: 63/70 MP: 8/8
  3296 | Ossuary  | Reached ** piety under Beogh
  3308 | Ossuary  | Reached skill level 8 in Axes
  3641 | D:5      | Found a staircase to the Ecumenical Temple.
  3856 | D:5      | Found a radiant altar of Vehumet.
  3856 | D:5      | Found an ancient bone altar of Kikubaaqudgha.
  3893 | D:5      | Noticed a wyvern
  3905 | D:5      | HP: 3/71 [wyvern (10)]
  3911 | D:5      | Killed a wyvern
  3911 | D:5      | Reached skill level 9 in Axes
  4374 | D:6      | Found a sparkling altar of Nemelex Xobeh.
  4568 | D:6      | Reached XP level 9. HP: 78/78 MP: 9/9
  4615 | D:6      | Found a runed door.
  4620 | D:6      | Noticed Crazy Yiuf
  4623 | D:6      | Killed Crazy Yiuf
  4689 | D:6      | Found a deep blue altar of Sif Muna.
  4751 | D:6      | Found Joex's Armour Shoppe.
  5420 | D:7      | Reached skill level 10 in Axes
  5483 | D:7      | Reached *** piety under Beogh
  5771 | D:7      | Found a burning altar of Makhleb.
  5868 | D:7      | Found a sacrificial altar of Ru.
  6204 | D:8      | Reached skill level 1 in Invocations
  6227 | D:8      | Noticed Grum
  6242 | D:8      | Killed Grum
  6456 | D:8      | Reached skill level 11 in Axes
  6815 | D:8      | Reached XP level 10. HP: 60/88 MP: 10/12
  7543 | D:9      | Found a glowing silver altar of Zin.
  7551 | D:9      | Found a staircase to the Orcish Mines.
  7673 | D:9      | Noticed an elephant
  7674 | D:9      | Found a staircase to the Lair.
  7679 | D:9      | Reached **** piety under Beogh
  7679 | D:9      | Reached skill level 12 in Axes
  7688 | D:9      | Killed an elephant
  8421 | D:9      | Found a basalt altar of Yredelemnul.
  8473 | D:10     | Entered Level 10 of the Dungeon
  8495 | D:10     | Found a runed gate.
  8496 | D:10     | Found a runed gate.
  8497 | D:10     | Found a runed gate.
  8499 | D:10     | Noticed kirsanium's ghost (journeyman OpTm)
  8528 | D:10     | Reached skill level 5 in Invocations
  8598 | D:10     | Noticed Joseph
  8608 | D:10     | Reached skill level 1 in Crossbows
  8616 | D:10     | Killed Joseph
  8830 | D:10     | Reached XP level 11. HP: 36/97 MP: 15/15
  9327 | Lair:1   | Entered Level 1 of the Lair of Beasts
  9335 | Lair:1   | Gained Orkwin as an ally
  9335 | Lair:1   | Reached skill level 13 in Axes
 10253 | Lair:1   | Noticed a seven-headed hydra
 10260 | Lair:1   | Killed an eight-headed hydra
 10273 | Lair:1   | Reached ***** piety under Beogh
 11057 | Lair:2   | Noticed a death yak
 11066 | Lair:2   | Killed a death yak
 11066 | Lair:2   | Reached skill level 10 in Fighting
 11066 | Lair:2   | Reached skill level 14 in Axes
 11068 | Lair:2   | Slain by a komodo dragon

Vault maps used:
D:1:      dpeg_arrival_rooms_a, chequers_serial_rivers_micro_e,
          corexii_item_surrounded_by_moat, minmay_tall_x
D:2:      nicolae_gozag_seed_capital
D:3:      first_ration, lemuel_altar_in_water
D:4:      marbit_many_paths, serial_shops,
          nicolae_shop_temple_entry_statues_fountains, uniq_natasha
D:5:      grunt_qazlal_clouds, amethyst_overflow_temple_binary,
          minmay_temple_entry_overgrown, enter_ossuary_1,
          chequers_serial_rivers_micro_e, mrwooster_statue_mirror,
          kennysheep_doodads
D:6:      lemuel_doored_altar, old_standard_altar, serial_shops,
          nicolae_shop_crystal, uniq_crazy_yiuf_cottage
D:7:      bloody_makhleb, nicolae_ru_great_annihilating_truth
D:8:      grunt_livestock, nicolae_water_bricks, uniq_grum
D:9:      kennysheep_mini, lemuel_zombie_altar_yredelemnul, david_lair_generic,
          orc_0_dummy
D:10:     gammafunk_ghost_necromancy, uniq_joseph
Lair:1:   beast_lair_carwin_large_4, serial_bayou_ford_a
Lair:2:   minmay_swamp_entry_swarm, minmay_stone_trees_small
Ossuary:  ossuary_tomb_2

Skill      XL: |  1  2  3  4  5  6  7  8  9 10 11 |
---------------+----------------------------------+-----
Axes           | 3 4 5 6 7 9 11 12 14 | 14.0
Fighting       | 4 5 6 8 9 10 | 10.0
Shields        | 4 5 6 7 8 9 |  9.1
Armour         | 4 5 6 7 8 |  8.0
Invocations    | 2 5 7 |  7.0
Crossbows      | 1 3 |  3.3

Action                   |  1- 3 |  4- 6 |  7- 9 | 10-12 || total
-------------------------+-------+-------+-------+-------++-------
Melee: War axe           |   115 |   238 |   325 |   317 ||   995
 Fire: Hand crossbow     |       |       |     8 |     2 ||    10
Invok: Convert to Beogh  |       |     1 |       |       ||     1
       Smiting           |       |       |       |     1 ||     1
       Recall Orcish Fol |       |       |       |     1 ||     1
Evoke: Wand              |       |       |     1 |     2 ||     3
  Use: Scroll            |       |       |    13 |     2 ||    15
       Potion            |       |       |     2 |     1 ||     3
  Eat: Chunk             |       |     7 |     9 |    10 ||    26
       Ration            |       |       |     1 |     1 ||     2
Armor: Scale mail        |    59 |     8 |       |       ||    67
       Plate armour      |       |   117 |   165 |   155 ||   437
Dodge: Dodged            |    49 |    30 |    64 |    56 ||   199
Block: Shield            |    79 |   114 |   172 |   208 ||   573

Table legend:
 A = Non-vault XP
 B = Vault XP
 C = Vault XP percentage of total XP
 D = Non-vault monster count
 E = Vault monster count
 F = Vault count percentage of total count
                 A         B        C        D         E       F
            +---------+---------+-------+---------+---------+-------
      Total |    9904 |    5531 |  35.8 |     237 |      71 |  23.1
            +---------+---------+-------+---------+---------+-------
        D:1 |      51 |       7 |  12.1 |      26 |       4 |  13.3
        D:2 |      53 |       0 |   0.0 |      24 |       0 |   0.0
        D:3 |     222 |       0 |   0.0 |      30 |       0 |   0.0
        D:4 |     361 |      38 |   9.5 |      18 |       2 |  10.0
        D:5 |     949 |       0 |   0.0 |      20 |       0 |   0.0
        D:6 |     511 |      44 |   7.9 |      12 |       1 |   7.7
        D:7 |     659 |      44 |   6.3 |      21 |       4 |  16.0
        D:8 |     843 |    1414 |  62.6 |      10 |       8 |  44.4
        D:9 |    1240 |     871 |  41.3 |      27 |       6 |  18.2
       D:10 |    1355 |     354 |  20.7 |      25 |       1 |   3.8
     Lair:1 |    3029 |    2420 |  44.4 |      23 |      16 |  41.0
     Lair:2 |     631 |       0 |   0.0 |       1 |       0 |   0.0
    Ossuary |       0 |     339 | 100.0 |       0 |      29 | 100.0
            +---------+---------+-------+---------+---------+-------
